 Dungeon Crawl Stone Soup version 0.29.1-1-gd02db6906a (webtiles) character file.

Game seed: 16795125290041073190

91 hawla the Firebug (level 5, -4/38 HPs)
             Began as a Meteoran Fire Elementalist on Oct 12, 2022.
             Slain by a gnoll
             ... wielding a +0 whip
             ... led by a gnoll bouda
              (9 damage)
             ... on level 3 of the Dungeon.
             The game lasted 00:03:25 (1228 turns).

hawla the Firebug (Meteoran Fire Elementalist)      Turns: 1228, Time: 00:03:26

Health: -4/38      AC:  3    Str:  9    XL:     5   Next: 12%
Magic:  6/12       EV:  9    Int: 19    God:
Gold:   94         SH:  0    Dex: 14    Spells: 9/12 levels left

rFire   . . .      SeeInvis .   (no weapon)
rCold   . . .      Faith    .   (no shield)
rNeg    . . .      Spirit   .   a - +0 robe
rPois   .          Reflect  .   (no helmet)
rElec   .          Harm     .   (no cloak)
rCorr   .          Rampage  .   f - +0 pair of gloves
Will    .....                   (no boots)
Stlth   +.........              (no amulet)
HPRegen 0.12/turn               (no ring)
MPRegen 0.13/turn               (no ring)

@: glowing, constricted
A: sense surroundings 1, otherworldly, glowing, explore regen
a: no special abilities


You were on level 3 of the Dungeon.
You visited 1 branch of the dungeon, and saw 3 of its levels.

You collected 94 gold pieces.

Inventory:

Armour
 a - a +0 robe (worn)
 f - a +0 pair of gloves (worn)
Scrolls
 h - a scroll of enchant weapon {unknown}
 j - a scroll of noise {unknown}
Potions
 b - a potion of magic
 c - 2 potions of flight
 d - a potion of mutation {unknown}
 e - a potion of attraction {unknown}
 g - 2 potions of brilliance {unknown}
 i - 2 potions of curing {unknown}


   Skills:
 + Level 2.8 Dodging
 + Level 1.8 Stealth
 + Level 4.0 Spellcasting
 + Level 1.8 Conjurations
 + Level 4.7 Fire Magic


You had 9 spell levels left.
You knew the following spells:

 Your Spells              Type           Power      Damage    Failure   Level
a - Foxfire               Conj/Fire      64%        2x1d7     3%          1
b - Scorch                Fire           42%        2d7       3%          2

Your spell library contained the following spells:

 Spells                   Type           Power      Damage    Failure   Level
 Conjure Flame            Conj/Fire      16%        6-21      11%         3
 Static Discharge         Conj/Air       7%         3-4/arc   14%         2
 Inner Flame              Hex/Fire       12%        N/A       16%         3
 Blink                    Tloc           6%         N/A       21%         2
 Flame Wave               Conj/Fire      16%        2d7       34%         4
 Sticky Flame             Conj/Fire      16%        2d4       34%         4
 Confusing Touch          Hex            3%         N/A       38%         3
 Lesser Beckoning         Tloc           3%         N/A       38%         3
 Ozocubu's Armour         Ice            3%         N/A       38%         3
 Dispel Undead            Necr           3%         3d7       80%         4
 Manifold Assault         Tloc           3%         N/A       98%         5
 Yara's Violent Unravell  Hex/Tmut       1%         3d3       98%         5
 Enfeeble                 Hex            1%         N/A       100%        7
 Ozocubu's Refrigeration  Ice            1%         4d7       100%        7


Dungeon Overview and Level Annotations

Branches:
Dungeon (3/15) Zot: 569

Altars:

Annotations:
D:3 Sigmund


Innate Abilities, Weirdness & Mutations

You passively map a small area around you.
You are easily found by Zot.
You glow in the dark.
You regain HP and MP as you explore.


Message History

The gnoll hits you with a +0 whip. The kobold completely misses you.
The gnoll hits you with a +0 whip.
There is a stone staircase leading up, spattered with blood here.
Casting: Foxfire (safe; 3% risk of failure)
Confirm with . or Enter, or press ? or * to list all spells.
Flames lash the kobold.
You kill the kobold!
You hear a shout!
The ball python bites you but does no damage.
The ball python grabs you. The ball python constricts you.
A gnoll comes into view. It is wielding a +0 spear.
The gnoll barely misses you.
You hear a shout!
Casting: Scorch (safe; 3% risk of failure)
Confirm with . or Enter, or press ? or * to list all spells.
You conjure some foxfire!
The ball python bites you but does no damage.
The ball python constricts you. The gnoll barely misses you.
Casting: Foxfire (safe; 3% risk of failure)
Confirm with . or Enter, or press ? or * to list all spells.
Flames lash the worm.
The worm is heavily wounded.
The worm's fire resistance burns away.
The foxfire hits the gnoll.
The gnoll is moderately wounded.
The foxfire hits the kobold but does no damage.
The ball python bites you. The ball python constricts you.
The gnoll closely misses you. The ball python bites you.
The ball python constricts you.
Casting: Scorch (safe; 3% risk of failure)
Confirm with . or Enter, or press ? or * to list all spells.
You conjure some foxfire!
The worm bites you!
The kobold hits you with a +0 short sword.
* * * LOW HITPOINT WARNING * * *
The ball python bites you.
* * * LOW HITPOINT WARNING * * *
The ball python constricts you.
* * * LOW HITPOINT WARNING * * *
A gnoll bouda comes into view. It is wielding a +0 club.
The gnoll hits you with a +0 whip!
You die...

#.., ~...#
#.$ ,, .#.#
#.####g.. ~
~ #....)).#
~ ~ #......#
~~~
#g.....#♣~~~
~ #..[)...~♣
~ #..KSw..♣♣
~ #..v@g..~♣
~ #....v.#♣♣
#....†.# *
###...†#* ~
#.##..*~ ~
*~P. #.. ~ ~
~♣~ ..♣ ~
*#~ .#. * *
,*


You could see a gnoll bouda, a worm (combustible), 2 gnolls, a ball python (ally
target) and a kobold.

Vanquished Creatures
  Jessica (D:2)
  A gnoll (D:3)
  An adder (D:2)
  A worm (D:2)
  A dart slug (D:2)
  3 ball pythons
  4 endoplasms
  2 giant cockroaches
  6 goblins
  3 hobgoblins
  7 kobolds
  2 quokkas
  4 bats
  A frilled lizard (D:2)
  A rat (D:2)
38 creatures vanquished.

Vanquished Creatures (others)
  83 foxfires
  5 plants (D:3)
88 creatures vanquished.

Grand Total: 126 creatures vanquished

Notes
Turn   | Place    | Note
-------+----------+-------------------------------------------
     0 | D:1      | hawla the Meteoran Fire Elementalist began the quest for
                  | the Orb.
     0 | D:1      | Reached XP level 1. HP: 14/14 MP: 5/5
   238 | D:1      | Reached XP level 2. HP: 20/20 MP: 2/6
   505 | D:2      | Reached XP level 3. HP: 23/26 MP: 4/8
   510 | D:2      | Learned a level 2 spell: Scorch
   603 | D:2      | Noticed Jessica
   609 | D:2      | Killed Jessica
   610 | D:2      | Reached XP level 4. HP: 33/33 MP: 5/10
  1099 | D:2      | Glimpsed the power of Zot.
  1134 | D:3      | Reached XP level 5. HP: 38/38 MP: 4/11
  1136 | D:3      | Noticed Sigmund
  1228 | D:3      | Slain by a gnoll

Illustrated notes

Levels and vault maps discovered:
D:1:      enne_arrival_octagon_isle, layout_basic
D:2:      layout_basic, minmay_misc_feat_four_crosses, corexii_leaking_fountain,
          nicolae_titane, uniq_jessica
D:3:      layout_rooms, grunt_gozag_statues, mainiacjoe_overflow_alcove_2,
          serial_bayou, serial_bayou_pond_d, serial_bayou_lake_a,
          serial_bayou_shore_b, serial_bayou_pond_b,
          hellmonk_ecumenical_altar_heavens_door, small_statue_intersection,
          uniq_sigmund

Skill      XL: |  1  2  3  4  5 |
---------------+----------------+-----
Fire Magic     | 4 |  4.7
Spellcasting   | 3 4 |  4.0
Dodging        | |  2.8
Stealth        | |  1.8
Conjurations   | |  1.8

Action                   |  1- 3 |  4- 6 || total
-------------------------+-------+-------++-------
 Cast: Foxfire           |    22 |    28 ||    50
       Scorch            |     1 |     4 ||     5
  Use: Scroll            |     3 |       ||     3
Armor: Robe              |    10 |     2 ||    12
Dodge: Dodged            |    10 |     7 ||    17
